 Dungeon Crawl Stone Soup version 0.29-a0-1047-g7c58e119a4 (webtiles) character file.

Game seed: 2808607628884626806

1808 ketsa the Conjurer (level 8, 0/57 HPs)
             Began as a Demigod Fire Elementalist on Aug 16, 2022.
             Slain by a hornet (6 damage)
             ... while paralysed by a hornet
             ... on level 7 of the Dungeon.
             The game lasted 00:40:34 (10698 turns).

ketsa the Conjurer (Demigod Fire Elementalist)     Turns: 10698, Time: 00:40:35

Health: 0/57       AC: 12    Str: 16    XL:     8   Next: 54%
Magic:  18/18      EV:  2    Int: 30    God:
Gold:   608        SH:  0    Dex: 14    Spells: 6/16 levels left

rFire   . . .      SeeInvis .   B - staff of conjuration
rCold   . . .      Faith    .   (no shield)
rNeg    . . .      Spirit   .   y - +4 robe of Dolol {Int+5}
rPois   .          Reflect  .   t - +1 hat
rElec   .          Harm     .   g - +0 cloak of Dishonesty {Str+7}
rCorr   .          Rampage  .   (no gloves)
Will    .....                   (no boots)
Stlth   ++........              r - amulet of the acrobat
HPRegen 0.19/turn               w - +4 ring of protection
MPRegen 0.16/turn               (no ring)

@: paralysed, about to teleport
A: high MP 1, forlorn, divine attributes
a: no special abilities


You were on level 7 of the Dungeon.
You visited 2 branches of the dungeon, and saw 9 of its levels.

You collected 608 gold pieces.

Inventory:

Hand Weapons
 c - a +0 dagger of freezing
 j - a +2 dagger of venom
Missiles
 o - a throwing net
 A - 7 poisoned darts
Armour
 a - a +0 robe
 g - the +0 cloak of Dishonesty (worn) {Str+7}
   (You found it on level 3 of the Dungeon)

   Str:       It affects your strength (+7).
 k - a +1 robe of willpower
 t - a +1 hat (worn)
 x - a +1 leather armour of cold resistance
 y - the +4 robe of Dolol (worn) {Int+5}
   (You found it on level 6 of the Dungeon)

   Int:       It affects your intelligence (+5).
 z - +0 steam dragon scales
Magical Staves
 s - a staff of poison
 B - a staff of conjuration (weapon)
Jewellery
 r - an amulet of the acrobat (around neck)
 w - a +4 ring of protection (left hand)
Scrolls
 n - a scroll of amnesia
 p - 5 scrolls of identify
 u - a scroll of brand weapon
 v - 2 scrolls of poison
Potions
 b - 2 potions of magic
 d - 3 potions of resistance
 f - 4 potions of curing
 h - a potion of berserk rage {unknown}
 i - 3 potions of haste {unknown}
 l - a potion of flight {unknown}
 m - a potion of heal wounds
 q - a potion of degeneration {unknown}


   Skills:
 + Level 2.5 Dodging
 + Level 2.7 Stealth
 - Level 4.7 Spellcasting
 + Level 7.1 Conjurations
 + Level 5.9 Fire Magic


You had 6 spell levels left.
You knew the following spells:

 Your Spells              Type           Power      Damage    Failure   Level
a - Foxfire               Conj/Fire      100%       2x1d9     1%          1
b - Scorch                Fire           84%        2d9       1%          2
c - Conjure Flame         Conj/Fire      62%        6-21      1%          3
d - Flame Wave            Conj/Fire      62%        2d14      4%          4

Your spell library contained the following spells:

 Spells                   Type           Power      Damage    Failure   Level
 Inner Flame              Hex/Fire       24%        N/A       5%          3
 Blink                    Tloc           14%        N/A       9%          2
 Poisonous Vapours        Pois/Air       14%        N/A       9%          2
 Sublimation of Blood     Necr           7%         N/A       9%          2
 Wereblood                Tmut           7%         N/A       9%          2
 Lesser Beckoning         Tloc           7%         N/A       19%         3
 Irradiate                Conj/Tmut      21%        3d18      36%         5
 Corpse Rot               Necr/Pois/Air  7%         N/A       52%         4
 Petrify                  Tmut/Erth      7%         N/A       52%         4
 Manifold Assault         Tloc           7%         N/A       86%         5
 Summon Hydra             Summ           3%         N/A       100%        7


Dungeon Overview and Level Annotations

Branches:
Dungeon (8/15)             Temple (1/1) D:5
   Lair: D:8-11

Shops:
D:3 :   D:6 *   D:7 :(

Annotations:
D:6 exclusion: downstairs
D:8 Prince Ribbit


Innate Abilities, Weirdness & Mutations

You have an increased reservoir of magic. (+10% MP)
You shall have no god before yourself.
Your divine heritage dramatically boosts your attributes as you level up.


Message History

You feel a surge of power!
You conjure some foxfire!
The orc priest looks satisfied for a moment.
The foxfire hits the orc.
The orc is heavily wounded.
Your foxfire dissipates!
There is a stone staircase leading up here.
Casting: Foxfire (safe; 1% risk of failure)
Confirm with . or Enter, or press ? or * to list all spells.
You feel a surge of power!
You conjure some foxfire!
The orc priest begins to cast a cantrip, but forgets the words!
The foxfire hits the orc.
You kill the orc!
The orc priest calls down the wrath of Beogh upon you.
Beogh smites you!
Casting: Foxfire (safe; 1% risk of failure)
Confirm with . or Enter, or press ? or * to list all spells.
You feel a surge of power!
You conjure some foxfire!
The foxfire hits the orc priest.
The orc priest is moderately wounded.
The orc priest looks encouraged for a moment.
Casting: Foxfire (safe; 1% risk of failure)
Confirm with . or Enter, or press ? or * to list all spells.
You feel a surge of power!
You conjure some foxfire!
The orc priest mumbles some strange prayers to Beogh against you.
Beogh smites you!
The foxfire hits the orc priest.
The orc priest is moderately wounded.
The orc priest miscasts a cantrip.
The orc priest invokes the aid of Beogh against you.
Beogh smites you!
* * * LOW HITPOINT WARNING * * *
You climb upwards.
There is a stone staircase leading down here.
You start resting.
A hornet is nearby!
As you read the scroll of teleportation, it crumbles to dust.
You feel strangely unstable. The hornet stings you.
* * * LOW HITPOINT WARNING * * *
You suddenly lose the ability to move!
The hornet stings you.
You die...

#...))........................
#..........##...........#.....
#..........##.....##.>.##.....
############....###...........
#.....###...........####....#
#....y##.....................
#.....#........##############
#.......#..y...#
#.....###..#@..#
#.....###..#...#
#.....#....##### #....>#.#.##
#.......#.# ######....#
#..#### ####


You could see a hornet.

Vanquished Creatures
  Eustachio (D:4)
  A steam dragon (D:7)
  An ice beast (D:6)
  A black bear (D:7)
  4 ogres
  A phantom (D:5)
  A kobold brigand (D:7)
  2 bullfrogs
  A gnoll sergeant (D:5)
  2 scorpions
  A killer bee (D:7)
  A howler monkey (D:6)
  2 hounds
  2 jellies (D:5)
  Jessica (D:3)
  An orc wizard (D:5)
  An iguana (D:5)
  Terence (D:3)
  4 gnolls (D:5)
  7 adders
  A shadow imp (D:7)
  A white imp (D:7)
  2 ufetubi
  5 dart slugs
  15 orcs
  11 ball pythons
  3 bats
  4 endoplasms
  3 giant cockroaches
  10 goblins
  6 hobgoblins
  4 jackals
  4 quokkas
  6 frilled lizards
  12 kobolds
  5 rats
128 creatures vanquished.

Vanquished Creatures (others)
  491 foxfires
  4 plants (D:2)
495 creatures vanquished.

Grand Total: 623 creatures vanquished

Notes
Turn   | Place    | Note
-------+----------+-------------------------------------------
     0 | D:1      | ketsa the Demigod Fire Elementalist began the quest for the
                  | Orb.
     0 | D:1      | Reached XP level 1. HP: 14/14 MP: 5/5
    24 | D:1      | Reached skill level 1 in Conjurations
   393 | D:1      | Reached XP level 2. HP: 18/20 MP: 1/7
   456 | D:1      | Learned a level 2 spell: Scorch
   869 | D:1      | Reached skill level 2 in Conjurations
  1538 | D:2      | Reached XP level 3. HP: 24/26 MP: 2/8
  2799 | D:3      | Identified the +0 cloak of Dishonesty {Str+7}
  3104 | D:3      | Found Uffos's Book Shop.
  3271 | D:3      | Reached XP level 4. HP: 22/33 MP: 6/10
  3585 | D:3      | Reached skill level 3 in Conjurations
  4178 | D:3      | Noticed Terence
  4270 | D:2      | Learned a level 3 spell: Conjure Flame
  4342 | D:3      | Noticed Jessica
  4352 | D:3      | Killed Jessica
  4926 | D:4      | Reached XP level 5. HP: 23/38 MP: 5/12
  5305 | D:4      | Noticed Eustachio
  5775 | D:5      | Entered Level 5 of the Dungeon
  5818 | D:5      | Noticed an ogre
  5833 | D:5      | Killed an ogre
  5834 | D:5      | Reached skill level 4 in Conjurations
  5834 | D:5      | Reached XP level 6. HP: 45/45 MP: 8/13
  6200 | D:5      | Found a staircase to the Ecumenical Temple.
  6219 | Temple   | Entered the Ecumenical Temple
  6663 | D:5      | Reached skill level 5 in Conjurations
  6666 | D:5      | Reached XP level 7. HP: 46/50 MP: 2/15
  7459 | D:6      | Noticed a two-headed ogre
  8003 | D:3      | Killed Terence
  8300 | D:6      | Found Cugulet's General Store.
  8418 | D:7      | Found Toag's Book Boutique.
  8462 | D:7      | Reached skill level 6 in Conjurations
  8462 | D:7      | Reached skill level 5 in Fire Magic
  8513 | D:7      | Learned a level 4 spell: Flame Wave
  8667 | D:5      | Reached XP level 8. HP: 37/57 MP: 13/18
  9243 | D:7      | Noticed a hornet
  9594 | D:4      | Killed Eustachio
  9652 | D:6      | Identified the +4 robe of Dolol {Int+5}
  9761 | D:7      | Reached skill level 7 in Conjurations
 10142 | D:7      | Found Kigy's Antique Weapon Boutique.
 10215 | D:7      | Identified a scroll of acquirement
 10215 | D:7      | Acquired a staff of conjuration
 10317 | D:7      | Found Raqiv's Antique Weapon Shop.
 10480 | D:8      | Noticed Prince Ribbit
 10698 | D:7      | Paralysed by a hornet for 2 turns
 10698 | D:7      | Slain by a hornet

Illustrated notes

Levels and vault maps discovered:
D:1:      dpeg_arrival_boxorama, layout_basic
D:2:      layout_loops_ring, shapermc_ecumenical_altar_mp_urbaneastern,
          serial_bayou_lagoon_b
D:3:      layout_basic, serial_shops, shop_fountains, uniq_terence, uniq_jessica
D:4:      layout_rooms, mainiacjoe_overflow_swirl, uniq_eustachio
D:5:      layout_rooms, minmay_temple_entry_offerings, lightli_minifort
D:6:      layout_gridville, serial_shops,
          nicolae_shop_temple_entry_statues_fountains
D:7:      layout_rooms, serial_shops, nicolae_lakefront_shop, shop,
          nicolae_square_shop
D:8:      layout_basic, gammafunk_ghost_grave, guppyfry_shop_venom,
          uniq_prince_ribbit1
Temple:   eino_narrow_crystal_temple

Skill      XL: |  1  2  3  4  5  6  7  8 |
---------------+-------------------------+-----
Conjurations   | 1 2 3 4 5 6 7 |  7.1
Spellcasting   | 2 3 4 |  4.7
Fire Magic     | 3 4 5 |  5.9
Stealth        | 2 |  2.7
Dodging        | 2 |  2.5

Action                   |  1- 3 |  4- 6 |  7- 9 || total
-------------------------+-------+-------+-------++-------
Melee: Dagger            |     3 |       |     1 ||     4
 Cast: Foxfire           |    88 |   100 |   124 ||   312
       Scorch            |     3 |     4 |       ||     7
       Conjure Flame     |       |     3 |    18 ||    21
  Use: Scroll            |     6 |     2 |     9 ||    17
       Potion            |       |       |     1 ||     1
Armor: Robe              |     9 |    11 |    42 ||    62
Dodge: Dodged            |    33 |    33 |   122 ||   188

Table legend: (Time is in decaauts)
 A = Elapsed time spent in this place.
 B = Non-inter-level travel time spent in this place.
 C = Inter-level travel time spent in this place.
 D = Time resting spent in this place.
 E = Time spent auto-exploring this place.
 F = Levels seen in this place.
 G = Mean time per level.
                   A        B        C        D        E       F      G
               +--------+--------+--------+--------+--------+-----+--------+
         Total |  10735 |  10117 |    618 |   2980 |   4420 |   9 | 1192.8 |
       Dungeon |  10548 |   9943 |    605 |   2980 |   4258 |   8 | 1318.5 |
        Temple |    186 |    173 |     13 |      0 |    162 |   1 |  186.0 |
               +--------+--------+--------+--------+--------+-----+--------+

Top non-repeatable levels by time:
     D:3: 2551 daAuts
     D:6: 1669 daAuts
     D:1: 1559 daAuts
     D:5: 1300 daAuts
     D:4: 1279 daAuts
     D:2: 1187 daAuts
     D:7: 957 daAuts
  Temple: 186 daAuts
     D:8: 43 daAuts
